 Dungeon Crawl Stone Soup version 0.29-a0-322-g68df515428 (webtiles) character file.

Game seed: 7966590725995862572

38 GigaChad the Bolt Thrower (level 3, 0/30 HPs)
             Began as a Minotaur Hunter on Apr 5, 2022.
             Slain by a hound (2 damage)
             ... on level 2 of the Dungeon.
             The game lasted 00:05:04 (1165 turns).

GigaChad the Bolt Thrower (Minotaur Hunter)         Turns: 1165, Time: 00:05:05

Health: 0/30       AC:  5    Str: 15    XL:     3   Next: 25%
Magic:  7/11       EV: 11    Int:  6    God:
Gold:   37         SH:  0    Dex: 15    Spells: 2/2 levels left

rFire   . . .      SeeInvis .   a - +1 hand crossbow
rCold   . . .      Faith    .   (no shield)
rNeg    . . .      Spirit   .   g - +0 ring mail
rPois   .          Reflect  .   (helmet restricted)
rElec   .          Harm     .   (no cloak)
rCorr   .          Rampage  .   (no gloves)
Will    .....                   (no boots)
Stlth   +.........              (no amulet)
HPRegen 0.10/turn               n - ring of magical power
MPRegen 0.12/turn               (no ring)

@: no status effects
A: horns 2, retaliatory headbutt
a: no special abilities


You were on level 2 of the Dungeon.
You visited 1 branch of the dungeon, and saw 2 of its levels.

You collected 37 gold pieces.

Inventory:

Hand Weapons
 a - a +1 hand crossbow (weapon)
Armour
 b - a +0 leather armour
 g - a +0 ring mail (worn)
Jewellery
 n - a ring of magical power (left hand)
Scrolls
 c - a scroll of immolation
 e - 2 scrolls of identify
 j - a scroll of enchant armour
 m - a scroll of holy word {unknown}
Potions
 f - a potion of heal wounds {unknown}
 h - a potion of resistance {unknown}
 i - a potion of cancellation {unknown}
 k - a potion of lignification {unknown}


   Skills:
 + Level 2.6 Fighting
 + Level 5.3 Crossbows
 + Level 0.2 Armour
 + Level 2.6 Dodging
 + Level 0.7 Stealth


You had 2 spell levels left.
You didn't know any spells.
Your spell library was empty.

Dungeon Overview and Level Annotations

Branches:
Dungeon (2/15)

Altars:

Shops:
D:1 (


Innate Abilities, Weirdness & Mutations

You have a pair of horns on your head.
You reflexively headbutt those who attack you in melee.


Message History

You shoot a bolt. The bolt hits the hound.
The hound is lightly wounded.
The hound bites you. The hound bites you but does no damage.
You are too injured to fight recklessly!
You are too injured to fight recklessly!
You are too injured to fight recklessly!
The hound bites you but does no damage. The hound bites you.
You are too injured to fight recklessly!
You are too injured to fight recklessly!
You are too injured to fight recklessly!
The hound attacks as you move away! The hound closely misses you.
You furiously retaliate!
You headbutt the hound. The hound bites you but does no damage.
The hound bites you. The hound attacks as you move away! The hound bites you.
* * * LOW HITPOINT WARNING * * *
Found the Grimoire of the Valley of Death.
The hound closely misses you. You furiously retaliate!
You headbutt the hound, but do no damage.
The hound attacks as you move away! The hound closely misses you.
The hound bites you but does no damage. The hound attacks as you move away!
The hound bites you.
* * * LOW HITPOINT WARNING * * *
The hound pauses to sniff the ground.
The hound bites you but does no damage.
You feel your willpower return.
The hound stops to sniff the ground.
The hound closely misses you. The hound barely misses you.
The hound attacks as you move away! The hound completely misses you.
The hound bites you.
* * * LOW HITPOINT WARNING * * *
The hound misses you.
Things that are here:
23 stones; a +0 leather armour The hound bites you but does no damage.
The hound closely misses you. The hound bites you but does no damage.
The hound closely misses you. The hound attacks as you move away!
The hound bites you.
You die...

....#....##
###........######
...............#
#.....†..#
#######......†.#
#..............#
#..:...........#
#..............####+
#.......@...........
#......h............
#.....(.##>.....[...
#.......#######.....
####...## .....
#...# ..... #####
.... ...


You could see a hound.

Vanquished Creatures
  An adder (D:2)
  A worm (D:2)
  A dart slug (D:1)
  3 endoplasms (D:1)
  A giant cockroach (D:1)
  3 goblins (D:1)
  2 hobgoblins
  A quokka (D:1)
  A ball python (D:1)
  2 bats (D:1)
  2 frilled lizards
  3 kobolds
  4 rats
25 creatures vanquished.

Vanquished Creatures (others)
  4 toadstools (D:2)
4 creatures vanquished.

Grand Total: 29 creatures vanquished

Notes
Turn   | Place    | Note
-------+----------+-------------------------------------------
     0 | D:1      | GigaChad the Minotaur Hunter began the quest for the Orb.
     0 | D:1      | Reached XP level 1. HP: 18/18 MP: 0/0
   259 | D:1      | Reached XP level 2. HP: 25/25 MP: 1/1
   569 | D:1      | Found Cauwy's Weapon Emporium.
   576 | D:1      | Reached skill level 5 in Crossbows
  1035 | D:2      | Reached XP level 3. HP: 30/30 MP: 2/2
  1165 | D:2      | Slain by a hound

Illustrated notes

Levels and vault maps discovered:
D:1:      tarquinn_simple_flora_water_a, layout_basic, serial_shops,
          nicolae_shop_hallway_stairs
D:2:      cheibrodos_fertilizer, layout_basic

Skill      XL: |  1  2 |
---------------+-------+-----
Crossbows      | 5 |  5.3
Fighting       | |  2.6
Armour         | |  0.2
Dodging        | |  2.6
Stealth        | |  0.7

Action                   || total
-------------------------++-------
 Fire: Hand crossbow     ||    75
  Use: Scroll            ||     3
Armor: Ring mail         ||    28
       Leather armour    ||     3
Dodge: Dodged            ||    37

Table legend: (Time is in decaauts)
 A = Elapsed time spent in this place.
 B = Non-inter-level travel time spent in this place.
 C = Inter-level travel time spent in this place.
 D = Time resting spent in this place.
 E = Time spent auto-exploring this place.
 F = Levels seen in this place.
 G = Mean time per level.
                   A        B        C        D        E       F      G
               +--------+--------+--------+--------+--------+-----+--------+
         Total |   1189 |   1189 |      0 |      0 |    369 |   2 |  594.5 |
       Dungeon |   1189 |   1189 |      0 |      0 |    369 |   2 |  594.5 |
               +--------+--------+--------+--------+--------+-----+--------+

Top non-repeatable levels by time:
     D:1: 859 daAuts
     D:2: 330 daAuts
